MWL (24 & UNDER)
CINCINNATI PRIDE @ MINNESOTA DEATH STARS
04/03/2028
 
TOP OF THE 1ST
Cincinnati Pride batting - Pitching for Minnesota Death Stars : LHP Will Chapman
Pitching: LHP Will Chapman
Batting: SHB Jorge Maldonado 0-0: SINGLE (Line Drive, 34S)
Batting: RHB Jorge Silva 0-0: Ball
Jorge Maldonado is caught stealing 2nd base
1-0: Foul Ball, location: 2F
1-1: Ground out 4-3 (Groundball, 4S)
Batting: RHB Jorge Flores 0-0: Ground out 4-3 (Groundball, 4)
Top of the 1st over - 0 run(s), 1 hit(s), 0 error(s), 0 left on base; Cincinnati 0 - Minnesota 0
BOTTOM OF THE 1ST
Minnesota Death Stars batting - Pitching for Cincinnati Pride : LHP José Reyes
Pitching: LHP José Reyes
Batting: RHB José Chávez 0-0: Foul Ball, location: 2F
0-1: Swinging Strike
0-2: Strikes out swinging
Batting: LHB Gonzalo Gálvez 0-0: Called Strike
0-1: Foul Ball, location: 2F
0-2: Strikes out swinging
Batting: RHB Gabriel Ángel 0-0: Called Strike
0-1: Ball
1-1: Ball
2-1: Ball
3-1: Called Strike
3-2: Base on Balls
Batting: RHB Raúl Flores 0-0: Foul Ball, location: 2F
0-1: Swinging Strike
0-2: Ball
1-2: Hit by Pitch
Gabriel Ángel to second
Batting: RHB Sean White 0-0: Called Strike
0-1: Ball
1-1: Ball
2-1: Ball
3-1: DOUBLE (Line Drive, 9)
Gabriel Ángel scores
Raúl Flores to third
Batting: RHB William Robinson 0-0: Called Strike
0-1: Ball
1-1: SINGLE (Line Drive, 8LS)
Raúl Flores scores
Sean White to third
Runner from 3rd tries for Home, SAFE, no throw
Batting: LHB William Harris 0-0: Ball
1-0: Ball
2-0: Ball
3-0: Called Strike
3-1: Fly out, F7 (Flyball, 7)
Bottom of the 1st over - 3 run(s), 2 hit(s), 0 error(s), 1 left on base; Cincinnati 0 - Minnesota 3
TOP OF THE 2ND
Cincinnati Pride batting - Pitching for Minnesota Death Stars : LHP Will Chapman
Batting: RHB Roger Rush 0-0: Called Strike
0-1: Ball
1-1: Foul Ball, location: 2F
1-2: Strikes out swinging
Batting: LHB Paco Córdova 0-0: Swinging Strike
0-1: Ball
1-1: Foul Ball, location: 2F
1-2: Ball
2-2: Foul Ball, location: 2F
2-2: Ground out 4-3 (Groundball, 4M)
Batting: RHB Keith Sheehan 0-0: Ball
1-0: Ball
2-0: Foul Ball, location: 2F
2-1: Called Strike
2-2: Foul Ball, location: 2F
2-2: SINGLE (Groundball, 6MD)
Batting: RHB George Martin 0-0: Ball
Wild Pitch!
Keith Sheehan to second
1-0: Called Strike
1-1: Ball
2-1: Ball
3-1: Base on Balls
Batting: RHB Pete Woods 0-0: Ball
1-0: Swinging Strike
1-1: Ball
2-1: Swinging Strike
2-2: Ball
3-2: Strikes out looking
Top of the 2nd over - 0 run(s), 1 hit(s), 0 error(s), 2 left on base; Cincinnati 0 - Minnesota 3
BOTTOM OF THE 2ND
Minnesota Death Stars batting - Pitching for Cincinnati Pride : LHP José Reyes
Batting: RHB Tony Estrada 0-0: Ball
1-0: Ground out 5-3 (Groundball, 5L)
Batting: LHB Pancho Hernández 0-0: Foul Ball, location: 2F
0-1: Ground out U3 (Groundball, 34S)
Batting: RHB José Chávez 0-0: Called Strike
0-1: Ball
1-1: Ground out 4-3 (Groundball, 4)
Bottom of the 2nd over - 0 run(s), 0 hit(s), 0 error(s), 0 left on base; Cincinnati 0 - Minnesota 3
TOP OF THE 3RD
Cincinnati Pride batting - Pitching for Minnesota Death Stars : LHP Will Chapman
Batting: SHB Jaime Martínez 0-0: Foul Ball, location: 2F
0-1: Foul Ball, location: 2F
0-2: Strikes out swinging
Batting: SHB Jorge Maldonado 0-0: Ball
1-0: Foul Ball, location: 2F
1-1: Foul Ball, location: 2F
1-2: Foul Ball, location: 2F
1-2: Ball
2-2: Ball
3-2: Fly out, F9 (Flyball, 9)
Batting: RHB Jorge Silva 0-0: Foul Ball, location: 2F
0-1: Swinging Strike
0-2: Ball
1-2: Strikes out looking
Top of the 3rd over - 0 run(s), 0 hit(s), 0 error(s), 0 left on base; Cincinnati 0 - Minnesota 3
BOTTOM OF THE 3RD
Minnesota Death Stars batting - Pitching for Cincinnati Pride : LHP José Reyes
Batting: LHB Gonzalo Gálvez 0-0: Called Strike
0-1: Swinging Strike
0-2: Ball
1-2: Strikes out swinging
Batting: RHB Gabriel Ángel 0-0: Called Strike
0-1: Ground out U3 (Groundball, 34)
Batting: RHB Raúl Flores 0-0: Foul Ball, location: 2F
0-1: Fly out, F4 (Popup, 4M)
Bottom of the 3rd over - 0 run(s), 0 hit(s), 0 error(s), 0 left on base; Cincinnati 0 - Minnesota 3
TOP OF THE 4TH
Cincinnati Pride batting - Pitching for Minnesota Death Stars : LHP Will Chapman
Batting: RHB Jorge Flores 0-0: Ball
1-0: Called Strike
1-1: Foul Ball, location: 2F
1-2: Strikes out looking
Batting: RHB Roger Rush 0-0: Ball
1-0: Ball
2-0: Called Strike
2-1: Foul Ball, location: 2F
2-2: SINGLE (Flyball, 9S)
Batting: LHB Paco Córdova 0-0: Called Strike
0-1: Ball
1-1: Ball
2-1: Foul Ball, location: 2F
2-2: Fly out, F7 (Flyball, 78S)
Batting: RHB Keith Sheehan 0-0: Ball
1-0: Called Strike
1-1: Ball
2-1: SINGLE (Flyball, 4MD)
Roger Rush to second
Runner from 2nd tries for 3rd, SAFE, no throw
Batting: RHB George Martin 0-0: Called Strike
0-1: Ball
1-1: Foul Ball, location: 2F
1-2: Ball
2-2: Ball
3-2: Base on Balls
Keith Sheehan to second
Batting: RHB Pete Woods 0-0: Ball
1-0: Foul Ball, location: 2F
1-1: Swinging Strike
1-2: SINGLE (Groundball, 56D)
Roger Rush scores
Keith Sheehan to third
George Martin to second
Runner from 3rd tries for Home, SAFE, throw made at trailing runner, SAFE at third!
Batting: SHB Jaime Martínez 0-0: Called Strike
0-1: Swinging Strike
0-2: Foul Ball, location: 2F
0-2: Foul Ball, location: 2F
0-2: Strikes out swinging
Top of the 4th over - 2 run(s), 3 hit(s), 0 error(s), 2 left on base; Cincinnati 2 - Minnesota 3
BOTTOM OF THE 4TH
Minnesota Death Stars batting - Pitching for Cincinnati Pride : LHP José Reyes
Batting: RHB Sean White 0-0: Called Strike
0-1: Swinging Strike
0-2: Foul Ball, location: 2F
0-2: Ground out 5-3 (Groundball, 56)
Batting: RHB William Robinson 0-0: Called Strike
0-1: Fly out, F2 (Popup, 15)
Batting: LHB William Harris 0-0: Called Strike
0-1: Ball
1-1: Fly out, F8 (Line Drive, 78M)
Bottom of the 4th over - 0 run(s), 0 hit(s), 0 error(s), 0 left on base; Cincinnati 2 - Minnesota 3
TOP OF THE 5TH
Cincinnati Pride batting - Pitching for Minnesota Death Stars : LHP Will Chapman
Batting: SHB Jorge Maldonado 0-0: Ball
1-0: Bunt missed!
1-1: Called Strike
1-2: Ball
2-2: Ball
3-2: Ground out 2-3 (Groundball, 2R)
Pitching: RHP Luis García
Batting: RHB Jorge Silva 0-0: Called Strike
0-1: Ball
1-1: Ball
2-1: Foul Ball, location: 2F
2-2: Fly out, F4 (Popup, 4D)
Batting: RHB Jorge Flores 0-0: Swinging Strike
0-1: Foul Ball, location: 2F
0-2: Ball
1-2: Ball
2-2: Strikes out swinging
Top of the 5th over - 0 run(s), 0 hit(s), 0 error(s), 0 left on base; Cincinnati 2 - Minnesota 3
BOTTOM OF THE 5TH
Minnesota Death Stars batting - Pitching for Cincinnati Pride : LHP José Reyes
Batting: RHB Tony Estrada 0-0: Called Strike
0-1: Ground out 6-3 (Groundball, 6)
Batting: LHB Pancho Hernández 0-0: Ball
1-0: Ground out 4-3 (Groundball, 4)
Batting: RHB José Chávez 0-0: SINGLE (Groundball, 56D)
Batting: LHB Gonzalo Gálvez 0-0: Called Strike
José Chávez steals 2nd base
0-1: Ball
1-1: Ball
2-1: Foul Ball, location: 2F
2-2: Fly out, F5 (Line Drive, 56)
Bottom of the 5th over - 0 run(s), 1 hit(s), 0 error(s), 1 left on base; Cincinnati 2 - Minnesota 3
TOP OF THE 6TH
Cincinnati Pride batting - Pitching for Minnesota Death Stars : RHP Luis García
Batting: RHB Roger Rush 0-0: Called Strike
0-1: Foul Ball, location: 2F
0-2: Foul Ball, location: 2F
0-2: Ball
1-2: Strikes out looking
Batting: LHB Paco Córdova 0-0: Ball
1-0: Called Strike
1-1: Called Strike
1-2: Ball
2-2: Fly out, F8 (Flyball, 8LM)
Batting: RHB Keith Sheehan 0-0: Ball
1-0: Foul Ball, location: 2F
1-1: Foul Ball, location: 2F
1-2: Ball
2-2: Ball
3-2: Foul Ball, location: 2F
3-2: Ground out U3 (Groundball, 3)
Top of the 6th over - 0 run(s), 0 hit(s), 0 error(s), 0 left on base; Cincinnati 2 - Minnesota 3
BOTTOM OF THE 6TH
Minnesota Death Stars batting - Pitching for Cincinnati Pride : LHP José Reyes
Batting: RHB Gabriel Ángel 0-0: Called Strike
0-1: Foul Ball, location: 2F
0-2: Ball
1-2: SINGLE (Groundball, 4MD)
Batting: RHB Raúl Flores 0-0: Foul Ball, location: 2F
0-1: Ball
1-1: Ball
2-1: Ball
3-1: Base on Balls
Gabriel Ángel to second
Batting: RHB Sean White 0-0: Foul Ball, location: 2F
0-1: Ball
1-1: Ball
2-1: Fly out, F8 (Flyball, 8RXD)
Runner from 2nd tags up, SAFE at 3rd, no throw
Batting: RHB William Robinson 0-0: Ball
1-0: Ball
2-0: Called Strike
2-1: Called Strike
2-2: Foul Ball, location: 2F
2-2: Ball
3-2: Foul Ball, location: 2F
3-2: Foul Ball, location: 2F
3-2: Fly out, F7 (Flyball, 7)
Runner from 3rd tags up, SCORES, throw made
Pitching: RHP José Bruschy
Batting: LHB William Harris 0-0: Called Strike
0-1: Foul Ball, location: 2F
0-2: Ball
1-2: Foul Ball, location: 2F
1-2: Ground out 4-3 (Groundball, 34)
Bottom of the 6th over - 1 run(s), 1 hit(s), 0 error(s), 1 left on base; Cincinnati 2 - Minnesota 4
TOP OF THE 7TH
Cincinnati Pride batting - Pitching for Minnesota Death Stars : RHP Luis García
Batting: RHB George Martin 0-0: Called Strike
0-1: Ball
1-1: Ball
2-1: Swinging Strike
2-2: Foul Ball, location: 2F
2-2: Strikes out swinging, 2-3 out at first.
Batting: RHB Pete Woods 0-0: Ball
1-0: Called Strike
1-1: Foul Ball, location: 2F
1-2: Ball
2-2: Ground out 5-3 (Groundball, 5)
Batting: SHB Jaime Martínez 0-0: Foul Ball, location: 2F
0-1: Ground out U3 (Groundball, 34)
Top of the 7th over - 0 run(s), 0 hit(s), 0 error(s), 0 left on base; Cincinnati 2 - Minnesota 4
BOTTOM OF THE 7TH
Minnesota Death Stars batting - Pitching for Cincinnati Pride : RHP José Bruschy
Batting: RHB Tony Estrada 0-0: Called Strike
0-1: Ball
1-1: Ball
2-1: Swinging Strike
2-2: Foul Ball, location: 2F
2-2: Ball
3-2: Foul Ball, location: 2F
3-2: Ground out 5-3 (Groundball, 56)
Batting: LHB Pancho Hernández 0-0: Ball
1-0: Ball
2-0: Ball
3-0: Fly out, F8 (Flyball, 8LM)
Batting: RHB José Chávez 0-0: Called Strike
0-1: DOUBLE (Line Drive, 89D)
Pitching: LHP Jon Bridges
Batting: LHB Gonzalo Gálvez 0-0: SINGLE (Line Drive, 7S)
José Chávez to third
Runner from 3rd tries for Home, SAFE, no throw
Pitching: LHP Vicente López
Batting: RHB Gabriel Ángel 0-0: Ball
1-0: Ball
2-0: Ball
3-0: Base on Balls
Gonzalo Gálvez to second
Batting: RHB Raúl Flores 0-0: Foul Ball, location: 2F
0-1: SINGLE (Line Drive, 3D)
Gonzalo Gálvez to third
Gabriel Ángel to second
Runner from 3rd tries for Home, SAFE, no throw
Batting: RHB Sean White 0-0: Fly out, F9 (Flyball, 9)
Bottom of the 7th over - 2 run(s), 3 hit(s), 0 error(s), 2 left on base; Cincinnati 2 - Minnesota 6
TOP OF THE 8TH
Cincinnati Pride batting - Pitching for Minnesota Death Stars : RHP Luis García
Batting: SHB Jorge Maldonado 0-0: Ball
1-0: Ball
2-0: Foul Ball, location: 2F
2-1: Swinging Strike
2-2: Ground out 5-3 (Groundball, 56)
Batting: RHB Jorge Silva 0-0: Called Strike
0-1: Ball
1-1: Ground out 1-3 (Groundball, 13S)
Batting: RHB Jorge Flores 0-0: Called Strike
0-1: Fly out, F9 (Flyball, 9LS)
Top of the 8th over - 0 run(s), 0 hit(s), 0 error(s), 0 left on base; Cincinnati 2 - Minnesota 6
BOTTOM OF THE 8TH
Minnesota Death Stars batting - Pitching for Cincinnati Pride : LHP Vicente López
Batting: RHB William Robinson 0-0: Ground out 5-3 (Groundball, 5)
Batting: LHB William Harris 0-0: Fly out, F9 (Flyball, 89S)
Batting: RHB Tony Estrada 0-0: Called Strike
0-1: DOUBLE (Line Drive, 89D)
Pinch Runner at 2nd Abraham Hardy:
Batting: LHB Pancho Hernández 0-0: Ball
1-0: Ball
2-0: Ground out 6-3 (Groundball, 6D)
Bottom of the 8th over - 0 run(s), 1 hit(s), 0 error(s), 1 left on base; Cincinnati 2 - Minnesota 6
TOP OF THE 9TH
Cincinnati Pride batting - Pitching for Minnesota Death Stars : RHP Luis García
Pitching: RHP Alfredo Cabral
Now at 3B: Abraham Hardy
Batting: RHB Roger Rush 0-0: Ground out 5-3 (Groundball, 56S)
Batting: LHB Paco Córdova 0-0: Called Strike
0-1: Foul Ball, location: 2F
0-2: Strikes out swinging
Batting: RHB Keith Sheehan 0-0: Ground out 3-1 (Groundball, 34)
Top of the 9th over - 0 run(s), 0 hit(s), 0 error(s), 0 left on base; Cincinnati 2 - Minnesota 6
Tuesday, August 8th, 2017 - OOTP Baseball 17.12 Build 75